AoeStats
← Goku_San

Arena

510130996Analyzed
4v4 RM · 3d ago on Sep 29, 2026· 47m 6s· 8 players
Game mode
Random Map
Map size
Large (8 player)
Population
200
Speed
Normal
Resources
Standard
Victory
Conquest
Starting age
Dark Age
Ending age
Imperial Age
RankedLock teamsTeams togetherTeam positionsShared explorationLock speedFull tech treeHidden civsTurbo modeCheats
Victory
Defeat
🇮🇱 Franks · Israel
1293
+17
🇺🇸 Burgundians · United States
1276
+18
1274
+18
🇨🇳 Goths · China
1153
+24
🇮🇳 Italians · India
1425
-23
🇩🇪 Persians · Germany
1305
-19
🇩🇪 Mongols · Germany
1299
-18
🇸🇪 Dravidians · Sweden
1255
-17
I ONLY MAKE SKIRMS
4:25 Double-Bit Axe
9:20 Feudal Age
7:48 Horse Collar
10:10 Bow Saw
16:18 Castle Age
18:04 Two-Man Saw
19:40 Wheelbarrow
20:40 Hand Cart
20:36 Heavy Plow
21:28 Gold Mining
23:02 Stone Mining
28:44 Imperial Age
26:34 Padded Archer Armor
27:29 Gold Shaft Mining
27:44 Leather Archer Armor
29:09 Town Watch
29:09 Loom
30:29 Chemistry
29:55 Town Patrol
30:35 Fletching
31:30 Bodkin Arrow
35:22 Bracer
43:40 Conscription
[Yodas] Ivaylo AOE CL
10:52 Feudal Age
12:03 Double-Bit Axe
15:05 Castle Age
19:14 Horse Collar
20:25 Scale Mail Armor
23:34 Loom
25:00 Town Watch
25:52 Wheelbarrow
27:31 Stone Mining
28:22 Gold Mining
29:17 Fletching
29:44 Bodkin Arrow
30:00 Padded Archer Armor
31:38 Elite Skirmisher
33:22 Hand Cart
37:04 Imperial Age
35:20 Heavy Plow
35:33 Bow Saw
35:42 Forging
35:27 Pikeman
36:08 Squires
35:53 Arson
36:26 Chain Mail Armor
35:48 Light Cavalry
36:28 Husbandry
36:39 Bloodlines
36:36 Scale Barding Armor
37:10 Ballistics
37:38 Iron Casting
37:07 Heavy Scorpion
37:31 Hussar
38:27 Siege Engineers
40:16 Chain Barding Armor
41:16 Plate Barding Armor
41:44 Chemistry
40:20 Halberdier
42:07 Bracer
43:08 Blast Furnace
45:04 Crop Rotation
45:48 Town Patrol
46:57 Conscription
rower56
1:24 Loom
13:35 Feudal Age
14:21 Horse Collar
14:28 Double-Bit Axe
15:20 Bloodlines
15:42 Scale Barding Armor
15:48 Forging
23:44 Castle Age
22:08 Gold Mining
22:11 Stone Mining
23:09 Scale Mail Armor
24:01 Pikeman
24:41 Squires
25:47 Chain Mail Armor
25:45 Bow Saw
25:37 Heavy Plow
28:42 Iron Casting
37:24 Imperial Age
36:26 Wheelbarrow
35:36 Man-at-Arms
36:31 Long Swordsman
37:29 Two-Handed Swordsman
38:39 Conscription
38:23 Perfusion
38:36 Guilds
38:08 Champion
39:53 Two-Man Saw
39:25 Crop Rotation
40:16 Blast Furnace
39:07 Fletching
40:35 Hand Cart
40:42 Caravan
41:12 Coinage
40:07 Halberdier
42:55 Anarchy
43:09 Elite Huskarl
Goku_San
7:17 Loom
9:13 Feudal Age
9:56 Double-Bit Axe
14:24 Castle Age
17:27 Fervor
22:40 Wheelbarrow
23:18 Bow Saw
24:05 Gold Mining
24:06 Stone Mining
24:17 Stone Mining
26:44 Gold Shaft Mining
29:26 Imperial Age
27:23 Scale Mail Armor
27:34 Forging
28:51 Chain Mail Armor
29:12 Iron Casting
28:58 Hand Cart
28:30 Pikeman
29:11 Squires
29:29 Halberdier
30:42 Plate Mail Armor
31:12 Blast Furnace
31:19 Chemistry
30:44 Siege Engineers
31:00 Arson
32:56 Conscription
32:12 Elite Throwing Axeman
35:23 Masonry
Szorinx
10:41 Feudal Age
12:14 Double-Bit Axe
15:08 Castle Age
13:16 Horse Collar
20:54 Loom
22:50 Wheelbarrow
22:19 Heavy Plow
24:08 Hand Cart
25:12 Bow Saw
25:02 Gold Mining
25:30 Stone Mining
29:49 Imperial Age
27:41 Scale Barding Armor
27:47 Forging
28:52 Stone Shaft Mining
28:52 Gold Shaft Mining
28:48 Chain Barding Armor
28:49 Bloodlines
28:47 Husbandry
29:09 Town Watch
29:51 Elite War Elephant
32:15 Plate Barding Armor
32:15 Iron Casting
32:02 Conscription
35:03 Crop Rotation
35:38 Blast Furnace
34:46 Devotion
36:18 Scale Mail Armor
36:09 Fletching
36:21 Squires
38:03 Chain Mail Armor
37:45 Bodkin Arrow
40:52 Ballistics
40:43 Masonry
Jesus_was_black
0:31 Loom
10:38 Feudal Age
15:20 Castle Age
14:18 Double-Bit Axe
14:16 Horse Collar
16:26 Bow Saw
21:41 Pikeman
24:07 Squires
26:08 Heavy Plow
27:14 Wheelbarrow
26:51 Gold Mining
28:51 Forging
28:41 Scale Mail Armor
31:35 Imperial Age
30:16 Iron Casting
31:53 Chain Mail Armor
32:14 Halberdier
39:14 Elite Skirmisher
NotADuck
5:12 Loom
10:19 Feudal Age
11:01 Double-Bit Axe
14:25 Castle Age
13:23 Loom
15:25 Bow Saw
19:05 Light Cavalry
22:35 Gold Mining
23:04 Fletching
24:51 Bloodlines
24:47 Husbandry
27:04 Stone Mining
30:34 Wheelbarrow
30:22 Ballistics
31:16 Horse Collar
31:54 Hand Cart
32:11 Bodkin Arrow
35:31 Imperial Age
33:45 Padded Archer Armor
33:56 Bloodlines
37:22 Chemistry
36:28 Siege Engineers
36:29 Bracer
36:44 Leather Archer Armor
35:53 Heavy Scorpion
37:10 Drill
37:14 Conscription
39:22 Capped Ram
39:40 Elite Mangudai
40:49 Scale Barding Armor
40:42 Elite Steppe Lancer
42:17 Fortified Wall
43:15 Chain Barding Armor
43:05 Forging
snek_fan
3:00 Loom
9:56 Feudal Age
14:35 Castle Age
12:24 Double-Bit Axe
13:19 Horse Collar
17:06 Gold Mining
19:16 Fletching
20:55 Bodkin Arrow
24:43 Heavy Plow
27:21 Wheelbarrow
27:35 Wheelbarrow
32:18 Imperial Age
30:44 Ballistics
30:34 Masonry
30:44 Bow Saw
31:50 Hand Cart
32:13 Town Watch
33:47 Bracer
35:35 Chemistry
34:45 Masonry
35:17 Hoardings
35:28 Conscription
35:32 Stone Mining
36:08 Squires
36:14 Scale Mail Armor
36:24 Forging
40:03 Chain Mail Armor
44:40 Plate Mail Armor
Connection lost

Rejoining the realm…

Still unreachable

The connection could not be restored.

Session expired

The server has moved on; the page needs a fresh start.